 Dungeon Crawl Stone Soup version 0.23.0 (webtiles) character file.

Game seed: 8287319810789398362

12689 Laan the Cleaver (level 11, -13/72 HPs)
             Began as a Gargoyle Monk on Feb 13, 2019.
             Was a High Priest of Qazlal.
             Mangled by an orc warlord
             ... wielding a +0 great sword
              (27 damage)
             ... in a bailey.
             The game lasted 00:22:47 (9677 turns).

Laan the Cleaver (Gargoyle Monk)                    Turns: 9677, Time: 00:22:47

Health: -13/72     AC: 24    Str: 24    XL:     11   Next: 97%
Magic:  20/20      EV:  9    Int: 10    God:    Qazlal [*****.]
Gold:   285        SH:  6    Dex:  8    Spells: 10/10 levels left

rFire    + . .     SeeInvis .   M - +8 war axe of Virtue {freeze, rPois MP+9 Dex-4}
rCold    . . .     Gourm    +   (no shield)
rNeg     + . .     Faith    .   H - +1 chain mail {rPois}
rPois    ∞         Spirit   .   m - +2 hat
rElec    +         Reflect  .   S - +1 cloak {rPois}
rCorr    .         Harm     .   (no gloves)
MR       .....                  (no boots)
Stlth    +.........             x - amulet of the gourmand
HPRegen  0.22/turn              f - ring of protection from fire
MPRegen  0.17/turn              (no ring)

@: mighty, repel missiles
A: negative energy resistance 1, electricity resistance, unbreathing,
petrification resistance, rot immunity, AC +8
a: Upheaval, Elemental Force, Disaster Area, Renounce Religion


You were in a bailey.
You worshipped Qazlal.
Qazlal was extremely pleased with you.
You were completely stuffed.

You visited 2 branches of the dungeon, and saw 11 of its levels.
You also visited: Sewer, Ossuary and Bailey.

You collected 285 gold pieces.

Inventory:

Hand Weapons
 a - a +1 hand axe
 p - a +1 dagger of chaos
 q - a +2 war axe of chopping
 J - a +2 flail of crushing
 M - the +8 war axe of Virtue (weapon) {freeze, rPois MP+9 Dex-4}
   (You found it on level 7 of the Dungeon)

   It has been specially enchanted to freeze those struck by it, causing extra
   injury to most foes and up to half again as much damage against particularly
   susceptible opponents.
   It can also slow down cold-blooded creatures.
   It affects your dexterity (-4).
   It protects you from poison.
   It affects your magic capacity (+9).
 T - the +7 great mace "Firestarter" {inner flame, rF++}
   (You found it on level 9 of the Dungeon)

   It has been specially enchanted to burn those struck by it, causing extra
   injury to most foes and up to half again as much damage against particularly
   susceptible opponents.
   It greatly protects you from fire.
Missiles
 e - 6 javelins (quivered)
Armour
 l - a +0 cloak
 m - a +2 hat (worn)
 H - a +1 chain mail of poison resistance (worn)
 S - a +1 cloak of poison resistance (worn)
Jewellery
 f - a ring of protection from fire (left hand)
 h - a +4 ring of intelligence
 w - an uncursed ring of flight
 x - an amulet of the gourmand (around neck)
Wands
 t - a wand of polymorph (7)
 D - a wand of enslavement (7)
 E - a wand of disintegration (1)
 L - a wand of flame (14)
 Q - a wand of paralysis (8)
Scrolls
 b - 8 scrolls of identify
 d - 3 scrolls of magic mapping {unknown}
 g - 4 scrolls of remove curse
 j - 3 scrolls of fog
 s - a scroll of fear
 v - 5 scrolls of blinking {unknown}
 y - 5 scrolls of teleportation {unknown}
 F - 3 scrolls of enchant weapon
 G - a scroll of enchant armour
 O - a scroll of holy word {unknown}
 R - 2 scrolls of amnesia {unknown}
Potions
 i - 7 potions of brilliance
 k - 2 potions of heal wounds {unknown}
 o - 4 potions of agility {unknown}
 r - 4 potions of might
 u - 2 potions of lignification {unknown}
 z - a potion of resistance {unknown}
 A - 2 potions of ambrosia {unknown}
 B - 2 potions of haste {unknown}
 C - 2 potions of cancellation {unknown}
 I - 3 potions of magic {unknown}
 N - a potion of invisibility {unknown}
Comestibles
 c - 17 rations
 K - 3 chunks of flesh


   Skills:
 + Level 9.9 Fighting
 * Level 11.2 Axes
 + Level 9.2 Armour
 - Level 2.4 Dodging
 + Level 10.3 Stealth


You had 10 spell levels left.
You didn't know any spells.
Your spell library contained the following spells:

 Spells                   Type           Power        Failure   Level  Hunger
 Animate Skeleton         Necr           N/A          91%         1    ##.....
 Apportation              Tloc           #.....       91%         1    ##.....
 Confusing Touch          Hex            #.....       91%         1    ##.....
 Summon Small Mammal      Summ           #...         91%         1    ##.....


Dungeon Overview and Level Annotations

Branches:
Dungeon (10/15)            Temple (1/1) D:6
   Lair: D:8-11         Orc: D:9-12

Altars:
Cheibriados
Dithmenos
Elyvilon
Fedhas
Gozag
Kikubaaqudgha
Makhleb
Nemelex Xobeh
Okawaru
Qazlal
Ru
Sif Muna
Trog
Uskayaw
Vehumet
Wu Jian
Xom
Yredelemnul
Zin
The Shining One

Shops:
D:8 :

Annotations:
D:4 3 runed translucent doors, Dowan; HaroldHyrax's ghost, novice HOFi
D:6 3 runed translucent doors, LostNumber's ghost, novice TrAK


Innate Abilities, Weirdness & Mutations

You are resistant to torment.
Your stone body is resilient. (AC +8)
You are immune to poison.
You resist negative energy. (rN+)
You are resistant to electric shocks. (rElec)
You can survive without breathing.
You are immune to petrification.
You are immune to rotting.


Message History

Press: ? - help, Shift-Dir - straight line, f - orc
Aim: an orc, wielding a +0 hand axe and wearing a +0 leather armour The bolt of acid misses the orc warlord.
The bolt of acid misses the orc.
Evoke which item? (* to show all) (? for menu, Esc to quit)
Aiming: Corrosive Bolt
Press: ? - help, Shift-Dir - straight line, f/p - orc
Aim: an orc, wielding a +0 hand axe and wearing a +0 leather armour The bolt of acid misses the orc warlord.
The bolt of acid misses the orc.
The now-empty wand crumbles to dust.
The orc warlord hits you with a +0 great sword!
* * * LOW HITPOINT WARNING * * *
You slash the orc warlord! You freeze the orc warlord.
The orc warlord is almost dead.
The orc warlord roars a battlecry!
The orc goes into a battle-frenzy!
You closely miss the orc warlord.
The orc warlord is almost dead.
The orc warlord hits you with a +0 great sword!!
You die...

#..) #..) ♣♣♣♣♣♣
###.) ♣♣.♣♣.♣♣
###.#)#
♣......♣♣###.....#
♣♣♣......##........
♣..§.....#...))....
♣♣°......'...))....
♣@oo.∩..'.....⌠...
♣♣.)○....'.........
♣.§§.....#.........
♣♣♣......##..g.....
♣.....♣♣♣###.o...#
♣♣.♣.♣♣ ###.#'#
♣♣♣♣♣ ##.. .


You could see an orc warlord and an orc.

Vanquished Creatures
  Erica (D:8)
  A two-headed ogre (D:9)
  A centaur warrior (D:9)
  Pikel (D:8)
  3 orc knights (Bailey)
  A wolf spider (D:9)
  An ugly thing (D:9)
  Joseph (D:8)
  2 hippogriffs
  Sigmund (D:5)
  6 yaks (D:9)
  A wyvern (D:8)
  Duvessa (D:4)
  A black bear (D:5)
  14 orc warriors
  3 slaves (D:8)
  2 sky beasts
  A hornet zombie (Ossuary)
  An ice beast (D:9)
  5 ogres
  2 boggarts (D:9)
  5 centaurs
  2 big kobolds (D:9)
  6 bullfrogs
  A water moccasin zombie (Ossuary)
  3 scorpions
  A wyvern skeleton (D:9)
  10 killer bees (D:9)
  5 howler monkeys
  3 crimson imps
  3 centaur zombies (Ossuary)
  4 lava snakes (D:7)
  A bullfrog zombie (Ossuary)
  4 hounds
  10 orc wizards
  5 orc priests
  A bullfrog skeleton (D:5)
  3 iguanas
  Ijyb (D:5)
  6 worker ants
  A hound zombie (Ossuary)
  A hound skeleton (D:9)
  12 mummies
  2 howler monkey zombies (Ossuary)
  A worker ant zombie (Ossuary)
  9 gnolls
  A howler monkey skeleton (D:6)
  7 river rats (Sewer)
  25 adders
  A shadow imp (D:9)
  An ooze (D:4)
  An adder skeleton (D:4)
  2 adder zombies (D:5)
  2 worms
  A dart slug (D:3)
  7 leopard geckos
  49 orcs
  9 ball pythons
  4 bats
  4 giant cockroaches
  30 goblins
  15 hobgoblins
  12 jackals
  15 kobolds
  A quokka (D:7)
  A ball python skeleton (D:4)
  4 frilled lizards
  A jackal skeleton (D:7)
  3 jackal zombies
  2 leopard gecko skeletons (D:4)
  2 leopard gecko zombies (Ossuary)
  A quokka zombie (Ossuary)
  25 rats
  A withered plant (Ossuary)
377 creatures vanquished.

Vanquished Creatures (others)
  A hound zombie (D:8)
1 creature vanquished.

Grand Total: 378 creatures vanquished

Notes
Turn   | Place    | Note
-------+----------+-------------------------------------------
     0 | D:1      | Laan the Gargoyle Monk began the quest for the Orb.
     0 | D:1      | Reached XP level 1. HP: 14/14 MP: 1/1
   137 | D:1      | Reached XP level 2. HP: 17/19 MP: 2/2
   182 | D:1      | Reached skill level 3 in Axes
  1002 | D:2      | Reached skill level 1 in Armour
  1035 | D:2      | Reached XP level 3. HP: 23/23 MP: 3/3
  1071 | D:2      | Found an ancient bone altar of Kikubaaqudgha.
  1071 | D:2      | Found a shadowy altar of Dithmenos.
  1072 | D:2      | Found a hide-covered altar of Uskayaw.
  1072 | D:2      | Found a deep blue altar of Sif Muna.
  1215 | D:2      | Noticed a centaur
  1230 | D:2      | Killed a centaur
  1230 | D:2      | Reached XP level 4. HP: 3/29 MP: 4/4
  1837 | D:2      | Reached XP level 5. HP: 33/33 MP: 5/5
  2253 | D:3      | Reached skill level 4 in Axes
  2364 | D:3      | Reached XP level 6. HP: 36/38 MP: 6/6
  2546 | D:3      | Found a shimmering altar of Xom.
  2547 | D:3      | Found a burning altar of Makhleb.
  3059 | D:4      | Found a sand-covered staircase.
  3066 | D:4      | Noticed Duvessa
  3094 | D:4      | Noticed Dowan
  3129 | D:3      | Reached XP level 7. HP: 31/44 MP: 7/7
  3230 | D:4      | Killed Duvessa
  3230 | D:4      | Reached skill level 5 in Axes
  3286 | Ossuary  | Entered an ossuary
  3294 | Ossuary  | Reached skill level 5 in Fighting
  3458 | Ossuary  | Reached skill level 5 in Stealth
  3468 | Ossuary  | Reached XP level 8. HP: 30/49 MP: 8/8
  3634 | Ossuary  | Reached skill level 6 in Axes
  4004 | D:4      | Found an iron altar of Okawaru.
  4093 | D:4      | Found a runed translucent gate.
  4096 | D:4      | Found a runed translucent gate.
  4097 | D:4      | Found a runed translucent gate.
  4098 | D:4      | Noticed HaroldHyrax's ghost (novice HOFi)
  4302 | D:5      | Entered Level 5 of the Dungeon
  4365 | D:5      | Noticed Sigmund
  4381 | D:5      | Killed Sigmund
  4463 | D:5      | Found a sparkling altar of Nemelex Xobeh.
  4474 | D:5      | Reached skill level 5 in Armour
  4500 | D:5      | Noticed Ijyb
  4508 | D:5      | Killed Ijyb
  4508 | D:5      | Reached skill level 7 in Axes
  4543 | D:5      | Reached XP level 9. HP: 44/55 MP: 9/9
  5129 | D:6      | Found an ornate altar of the Wu Jian Council.
  5129 | D:6      | Found a sacrificial altar of Ru.
  5383 | D:6      | Found a glowing drain.
  5388 | Sewer    | Entered a sewer
  5918 | D:6      | Found a staircase to the Ecumenical Temple.
  5936 | D:6      | Reached skill level 8 in Axes
  5959 | Temple   | Entered the Ecumenical Temple
  6062 | Temple   | Became a worshipper of Qazlal Stormbringer
  6062 | Temple   | Reached * piety under Qazlal
  6062 | Temple   | Reached ** piety under Qazlal
  6192 | D:6      | Found a runed translucent gate.
  6192 | D:6      | Found a runed translucent gate.
  6192 | D:6      | Found a runed translucent gate.
  6192 | D:6      | Noticed LostNumber's ghost (novice TrAK)
  6281 | D:6      | Found an opulent altar of Gozag.
  6282 | D:6      | Found a glowing silver altar of Zin.
  6942 | D:7      | Reached XP level 10. HP: 44/63 MP: 10/10
  7110 | D:7      | Got a fine war axe
  7111 | D:7      | Identified the +8 war axe of Virtue {freeze, rPois MP+9
                  | Dex-4} (You found it on level 7 of the Dungeon)
  7448 | D:8      | Noticed Pikel
  7461 | D:8      | Killed Pikel
  7603 | D:8      | Reached skill level 9 in Axes
  7646 | D:8      | Found Zaitex Ylos's Book Shoppe.
  7717 | D:8      | Noticed Erica
  7756 | D:8      | Killed Erica
  7759 | D:8      | Noticed Joseph
  7767 | D:8      | Killed Joseph
  8006 | D:8      | You fall through a shaft!
  8010 | D:9      | Noticed a green ugly thing
  8014 | D:9      | Noticed a wolf spider
  8017 | D:9      | Reached *** piety under Qazlal
  8021 | D:9      | Killed a green ugly thing
  8026 | D:9      | Killed a wolf spider
  8026 | D:9      | Reached skill level 10 in Axes
  8026 | D:9      | Reached XP level 11. HP: 24/69 MP: 11/11
  8245 | D:9      | Noticed a two-headed ogre
  8274 | D:9      | Killed a two-headed ogre
  8460 | D:9      | Noticed a two-headed ogre
  8519 | D:9      | Reached **** piety under Qazlal
  8528 | D:9      | Noticed a centaur warrior
  8536 | D:9      | Killed a centaur warrior
  9121 | D:9      | Found the +7 great mace "Firestarter" {inner flame, rF++}
  9163 | D:9      | Found an iron altar of Okawaru.
  9245 | D:10     | Entered Level 10 of the Dungeon
  9248 | D:10     | Found a flagged portal.
  9286 | Bailey   | Entered a bailey
  9451 | Bailey   | Noticed an orc knight
  9463 | Bailey   | Killed an orc knight
  9463 | Bailey   | Reached skill level 10 in Stealth
  9463 | Bailey   | Reached skill level 11 in Axes
  9467 | Bailey   | Reached ***** piety under Qazlal
  9588 | Bailey   | Noticed an orc knight
  9602 | Bailey   | Killed an orc knight
  9618 | Bailey   | Noticed an orc warlord
  9620 | Bailey   | Noticed an orc knight
  9627 | Bailey   | Killed an orc knight
  9677 | Bailey   | Mangled by an orc warlord

Skill      XL: |  1  2  3  4  5  6  7  8  9 10 11 |
---------------+----------------------------------+-----
Axes           | 3 4 5 7 8 10 11 | 11.2
Armour         | 1 2 3 5 6 7 9 |  9.2
Stealth        | 3 4 5 6 7 9 10 | 10.3
Fighting       | 4 5 6 7 8 9 |  9.9
Dodging        | |  2.4

Action                   |  1- 3 |  4- 6 |  7- 9 | 10-12 || total
-------------------------+-------+-------+-------+-------++-------
Melee: Hand axe          |   118 |   187 |       |       ||   305
       Unarmed           |       |    21 |       |       ||    21
       War axe           |       |    15 |   462 |   321 ||   798
Evoke: Wand              |       |       |       |    10 ||    10
  Use: Scroll            |     2 |     6 |     1 |     2 ||    11
       Potion            |       |       |       |    10 ||    10
 Stab: Sleeping          |     2 |       |       |       ||     2
       Invisible         |       |     2 |       |       ||     2
  Eat: Chunk             |     1 |     6 |    23 |     9 ||    39
Armor: Robe              |     9 |       |       |       ||     9
       Plate armour      |    49 |   220 |   183 |       ||   452
       Scale mail        |     2 |       |       |       ||     2
       Skin              |       |     3 |       |       ||     3
       Chain mail        |       |       |   183 |   186 ||   369
Dodge: Dodged            |    54 |    66 |   189 |   110 ||   419
       Deflected         |       |       |       |     1 ||     1
Block: Other             |       |       |     5 |    70 ||    75
